 Dungeon Crawl Stone Soup version 0.19.1-1-g22dce08 (webtiles) character file.

65 dngmouse the Ruffian (level 4, -5/23 HPs)
             Began as a Vine Stalker Fighter on Jan 19, 2017.
             Killed from afar by Sigmund (9 damage)
             ... with a puff of flame
             ... on level 2 of the Dungeon.
             The game lasted 00:08:38 (2324 turns).

dngmouse the Ruffian (Vine Stalker Fighter)         Turns: 2324, Time: 00:08:39

Health: -5/23      AC:  6    Str: 18    XL:     4   Next: 13%
Magic:  0/5        EV:  6    Int:  8    God:
Gold:   133        SH:  7    Dex: 15    Spells: 0 memorised, 3 levels left

rFire  . . .     SeeInvis .       - Unarmed
rCold  . . .     Gourm    .     a - +0 scale mail
rNeg   . . .     Faith    .     b - +0 shield
rPois  .         Spirit   +     (no helmet)
rElec  .         Reflect  .     (no cloak)
rCorr  .         Harm     .     (no gloves)
MR     .....                    (no boots)
Stlth  ..........               (no amulet)
                                (no ring)
                                (no ring)

@: exhausted, slowed, very heavily drained, very slow
A: fangs 2, regeneration 1, magic shield, antimagic bite, no device heal 3, rot
immunity
a: no special abilities


You were on level 2 of the Dungeon.
You were hungry.

You visited 1 branch of the dungeon, and saw 3 of its levels.

You collected 133 gold pieces.

Inventory:

Armour
 a - a +0 scale mail (worn)
 b - a +0 shield (worn)
Scrolls
 e - a scroll of remove curse
 h - a scroll of identify
 j - 2 scrolls of magic mapping
 l - a scroll of teleportation
 o - a scroll of fog
Potions
 c - 2 potions of might
 i - a potion of invisibility {unknown}
 k - 2 potions of heal wounds {unknown}
 s - 2 potions of ambrosia {unknown}
Comestibles
 d - 2 bread rations
 g - a meat ration
 m - 4 fruits
 u - a beef jerky


   Skills:
 - Level 2.6(0.0) Fighting
 - Level 2.4(0.0) Armour
 - Level 2.6(0.0) Shields
 + Level 4.2(1.1) Unarmed Combat


You had 3 spell levels left.
You didn't know any spells.

Dungeon Overview and Level Annotations

Branches:
Dungeon (3/15)

Altars:
Nemelex Xobeh

Annotations:
D:2 Sigmund
D:3 Alarkh's ghost, amateur DrMo


Innate Abilities, Weirdness & Mutations

You have extremely sharp teeth.
Your natural rate of healing is unusually fast.
When hurt, damage is shared between your health and your magic reserves.
Your bite disrupts and absorbs the magic of your enemies.
Potions and wands cannot restore your health.
You are immune to rotting.


Message History

You bump into the rock wall.
Something hits you.
You bump into the rock wall.
Something hits you.
You bump into the rock wall.
You feel less confused. You block something's attack.
You hear some strange, mumbled words.
You are confused.
You hear some strange, mumbled words.
Something tries to affect you, but you resist.
Something hits you but does no damage.
You bump into the rock wall.
Something hits you!
You bump into the rock wall.
Something hits you!
* * * LOW HITPOINT WARNING * * *
You bump into the rock wall.
You feel less confused.
You hear some strange, mumbled words.
A puff of flame appears from out of thin air!
The puff of flame hits you!
You die...

####.#.# #.# #.............#
#.#.# #.# #.#####.#######
#.#.# #.# #.# #.# #.#.# #.#
#.# #.# #.#.# #.# #.# #.#
####.#.######.###.# #.#
..................# #.#
...!..<################.###
######## #...@.{.......# #
########>#########.#.# #
#...>.........####.#.##### #
#.######.####............###
# #.# #.# #.####.#........ #
#.# #.# #......#.###.###
######.# #.# #..#####.###.#
# .......#
#.####..####...##.###
########
#....................


There were no monsters in sight!

Vanquished Creatures
  3 adders (D:2)
  2 worms (D:2)
  3 ball pythons (D:2)
  A giant cockroach (D:1)
  2 goblins (D:1)
  2 hobgoblins
  3 kobolds
  8 bats
  9 rats
33 creatures vanquished.

Notes
Turn   | Place    | Note
-------+----------+-------------------------------------------
     0 | D:1      | dngmouse the Vine Stalker Fighter began the quest for the Orb.
     0 | D:1      | Reached XP level 1. HP: 11/11 MP: 2/2
   294 | D:1      | Reached XP level 2. HP: 16/16 MP: 3/3
   688 | D:1      | Reached skill level 3 in Unarmed Combat
   803 | D:2      | Noticed Sigmund
  1489 | D:2      | Reached XP level 3. HP: 17/19 MP: 4/4
  1503 | D:2      | Found a sparkling altar of Nemelex Xobeh.
  1664 | D:2      | Reached skill level 4 in Unarmed Combat
  1933 | D:2      | Gained mutation: Your natural rate of healing is unusually fast. [Vine Stalker growth]
  1933 | D:2      | Reached XP level 4. HP: 16/23 MP: 2/5
  2250 | D:3      | Noticed Alarkh's ghost (amateur DrMo)
  2324 | D:2      | Killed from afar by Sigmund

Skill      XL: |  1  2  3 |
---------------+----------+-----
Unarmed Combat | 3 4 |  4.2
Fighting       | |  2.6
Armour         | |  2.4
Shields        | |  2.6

Action                   |  1- 3 |  4- 6 || total
-------------------------+-------+-------++-------
Melee: Unarmed           |   127 |    13 ||   140
       Bite              |    31 |     8 ||    39
  Use: Scroll            |     7 |     1 ||     8
       Potion            |       |     1 ||     1
  Eat: Chunk             |     3 |     1 ||     4
Armor: Scale mail        |    64 |     4 ||    68
Dodge: Dodged            |    34 |     2 ||    36
Block: Shield            |    52 |     2 ||    54
